 Dungeon Crawl Stone Soup version 0.30-a0-305-g026cb31310 (webtiles) character file.

Game seed: 7923524497125062366

10577 Lobster4 the Unseen (level 11, -6/71 HPs)
             Began as a Kobold Hunter on Oct 23, 2022.
             Was a High Priest of Fedhas.
             Mangled by a centaur warrior (9 damage)
             ... on level 9 of the Dungeon.
             The game lasted 00:36:19 (11289 turns).

Lobster4 the Unseen (Kobold Hunter)                Turns: 11289, Time: 00:36:20

Health: -6/71      AC: 15    Str:  8    XL:     11   Next: 95%
Magic:  15/15      EV: 22    Int: 10    God:    Fedhas [*****.]
Gold:   595        SH:  0    Dex: 24    Spells: 10/10 levels left

rFire   . . .      SeeInvis .    K - +2 short sword (vamp)
rCold   . . .      Faith    .    (no shield)
rNeg    . . .      Spirit   .    m - +3 leather armour {Will+}
rPois   +          Reflect  .    q - +1 helmet
rElec   .          Harm     .    w - +1 cloak
rCorr   .          Rampage  .    D - +0 pair of gloves
Will    +....                    (no boots)
Stlth   +++++++...               (no amulet)
HPRegen 0.31/turn                j - +4 ring of protection
MPRegen 0.14/turn                p - ring of poison resistance

@: studying Stealth
A: small, no large weapons, nightstalker 3
a: Renounce Religion, Wall of Briars, Grow Ballistomycete, Overgrow, Grow Oklob


You were on level 9 of the Dungeon.
You worshipped Fedhas.
Fedhas was extremely pleased with you.
You visited 1 branch of the dungeon, and saw 9 of its levels.

You collected 595 gold pieces.

Inventory:

Hand Weapons
 a - a +1 shortbow of electrocution
 b - a +2 short sword of holy wrath
 l - a +2 whip of venom
 o - a +0 dagger
 C - a +1 shortbow
 G - a +1 scimitar of flaming
 K - a +2 vampiric short sword (weapon)
 R - the +6 long sword "Faded" {freeze, *Slow rCorr Str+2 Stlth+}
   (You found it on level 8 of the Dungeon)

   It freezes those it strikes, dealing additional cold damage.
   It can also slow down cold-blooded creatures.
   Str:       It affects your strength (+2).
   rCorr:     It protects you from acid and corrosion.
   *Slow:     It may slow you when you take damage.
   Stlth:     It makes you more stealthy.
 S - a +1 short sword of freezing
Missiles
 x - 24 poisoned darts
 O - 3 boomerangs
Armour
 c - a +1 robe of resistance
 h - a +0 ring mail
 m - a +3 leather armour of willpower (worn)
 q - a +1 helmet (worn)
 w - a +1 cloak (worn)
 D - a +0 pair of gloves (worn)
 H - a +0 robe of positive energy
Magical Staves
 d - a staff of fire
 f - a staff of earth
Jewellery
 j - a +4 ring of protection (left hand)
 k - a ring of flight
 p - a ring of poison resistance (right hand)
 v - a +6 ring of intelligence
 B - a ring of protection from fire
 I - a ring of positive energy
 N - a ring of see invisible
Wands
 z - a wand of roots (2)
 F - a wand of paralysis (5)
 P - a wand of flame (17)
Scrolls
 e - a scroll of amnesia
 g - 2 scrolls of immolation
 n - a scroll of poison
 s - a scroll of teleportation
 t - 2 scrolls of magic mapping
 y - a scroll of brand weapon {unknown}
 J - a scroll of identify
 L - a scroll of enchant armour {unknown}
Potions
 i - a potion of berserk rage
 r - a potion of magic
 u - a potion of might
 A - a potion of heal wounds
 E - a potion of ambrosia
 M - a potion of resistance


   Skills:
 + Level 9.4 Fighting
 - Level 4.0 Short Blades
 + Level 11.9 Ranged Weapons
 - Level 2.0 Armour
 + Level 10.1 Dodging
 + Level 15.2 Stealth
 - Level 6.0 Invocations
 - Level 3.0 Evocations


You had 10 spell levels left.
You didn't know any spells.
Your spell library contained the following spells:

 Spells                   Type           Power      Damage    Failure   Level
 Beastly Appendage        Tmut           0%         N/A       47%         1
 Summon Small Mammal      Summ           0%         N/A       47%         1
 Wereblood                Tmut           0%         N/A       63%         2
 Call Canine Familiar     Summ           0%         N/A       85%         3
 Spider Form              Tmut/Pois      0%         N/A       85%         3
 Summon Guardian Golem    Hex/Summ       0%         N/A       85%         3


Dungeon Overview and Level Annotations

Branches:
Dungeon (9/15)             Temple (0/1) D:5
   Lair: D:8-11         Orc: D:9-12

Altars:
Fedhas
Gozag
Nemelex Xobeh
Okawaru
Sif Muna
Vehumet
Yredelemnul

Shops:
D:5 (

Annotations:
D:6 Grinder, Maggie


Innate Abilities, Weirdness & Mutations

You are small and have problems with some larger weapons.
You are completely attuned to the shadows.


Message History

The centaur warrior misses you. x2
You hit the centaur warrior.
You feel better.
The centaur warrior is lightly wounded.
The centaur warrior hits you.
* * * LOW HITPOINT WARNING * * *
The centaur warrior barely misses you. The centaur warrior closely misses you.
The centaur warrior kicks you but does no damage.
You closely miss the centaur warrior.
The centaur warrior is lightly wounded.
The centaur warrior completely misses you.
The centaur warrior barely misses you.
You hit the centaur warrior but do no damage.
The centaur warrior is lightly wounded.
The centaur warrior hits you but does no damage.
The centaur warrior kicks you but does no damage.
You closely miss the centaur warrior.
The centaur warrior is lightly wounded.
The centaur warrior hits you but does no damage.
The centaur warrior kicks you but does no damage.
You hit the centaur warrior.
You feel better.
The centaur warrior is lightly wounded.
The centaur warrior hits you but does no damage.
The centaur warrior completely misses you.
You hit the centaur warrior but do no damage.
The centaur warrior is lightly wounded.
The centaur warrior hits you but does no damage.
The centaur warrior kicks you but does no damage.
The centaur warrior hits you!
* * * LOW HITPOINT WARNING * * *
The centaur warrior completely misses you.
You barely miss the centaur warrior.
The centaur warrior is lightly wounded.
The centaur warrior hits you!
* * * LOW HITPOINT WARNING * * *
The centaur warrior misses you.
You barely miss the centaur warrior.
The centaur warrior is lightly wounded.
The centaur warrior hits you!
You die...
Fedhas appreciates your contribution to the ecosystem.

#.#)#.#.#.#.......###
#.........#......##
##.......##......###
#..#.....#........#.###
.###.....###...##.....##
#[........#....).##...#
#...#.#.. #......##.###
#[[.#.# #...........##
#####.#########@#####..#
#........##....c#...#.##
#......##.#.#####.#.#.##
#....##.#.#...#...#.#..#
#.###..#).###.#.###.#.##
.#...#.#....#.c...#...###
.###.#...#.###.#c###...#
#.#...#.#.[.#...#..##
#)#...#.#.#####.#..#


You could see a centaur warrior.

Vanquished Creatures
  A hydra (D:9)
  Erica (D:8)
  A two-headed ogre (D:8)
  2 gargoyles (D:9)
  A tengu conjurer (D:9)
  A troll (D:9)
  2 wyverns (D:9)
  16 yaks
  A vampire (D:9)
  A vampire mosquito (D:9)
  A steam dragon (D:8)
  An acid dragon (D:9)
  3 water moccasins
  2 orc warriors
  2 sky beasts (D:7)
  A black bear (D:7)
  2 ogres (D:5)
  4 centaurs
  2 phantoms (D:4)
  3 kobold brigands
  3 necrophages
  A gnoll sergeant (D:9)
  4 bullfrogs
  3 scorpions
  9 wights
  15 killer bees
  9 howler monkeys
  2 jellies (D:5)
  3 orc priests
  2 hounds
  5 iguanas
  11 orc wizards
  7 gnolls
  9 adders
  A white imp (D:4)
  2 ufetubi
  2 dart slugs
  38 orcs
  6 endoplasms
  A giant cockroach (D:3)
  11 goblins
  5 hobgoblins
  2 jackals (D:3)
  19 kobolds
  4 quokkas
  5 ball pythons
  5 bats
  4 frilled lizards
  7 rats
243 creatures vanquished.

Vanquished Creatures (others)
  3 withered plants (D:5)
3 creatures vanquished.

Grand Total: 246 creatures vanquished

Notes
Turn   | Place    | Note
-------+----------+-------------------------------------------
     0 | D:1      | Lobster4 the Kobold Hunter began the quest for the Orb.
     0 | D:1      | Reached XP level 1. HP: 12/12 MP: 1/1
   100 | D:1      | Reached XP level 2. HP: 15/18 MP: 2/2
   376 | D:1      | Reached skill level 2 in Stealth
   484 | D:1      | Reached XP level 3. HP: 22/22 MP: 3/3
   971 | D:2      | Found a faded altar of an unknown god.
  1431 | D:3      | Reached XP level 4. HP: 27/27 MP: 4/4
  1433 | D:3      | Found an iron altar of Okawaru.
  1482 | D:3      | Found a blossoming altar of Fedhas.
  1487 | D:3      | Became a worshipper of Fedhas Madash
  1580 | D:3      | Found a shimmering blue altar of Sif Muna.
  1728 | D:3      | Reached skill level 1 in Armour
  2011 | D:4      | Noticed a phantom
  2118 | D:4      | Reached XP level 5. HP: 30/32 MP: 5/5
  2133 | D:4      | Reached skill level 3 in Stealth
  2133 | D:4      | Reached * piety under Fedhas
  2603 | D:4      | Identified the +1 flail of Tenur {vorpal, rPois Will- Dex+4
                  | Stlth+}
  2609 | D:4      | Killed a phantom
  2610 | D:4      | Reached XP level 6. HP: 28/37 MP: 6/6
  3153 | D:5      | Entered Level 5 of the Dungeon
  3190 | D:4      | Reached skill level 4 in Stealth
  3276 | D:5      | Found a basalt altar of Yredelemnul.
  3286 | D:5      | Found Rudoin's Antique Weapon Shop.
  3315 | D:5      | Noticed an ogre
  3365 | D:5      | Noticed an ogre
  3406 | D:4      | Reached XP level 7. HP: 33/43 MP: 7/7
  3506 | D:5      | Noticed a water moccasin
  3546 | D:4      | Reached skill level 5 in Stealth
  3558 | D:4      | Killed a water moccasin
  3559 | D:4      | Reached skill level 5 in Dodging
  4049 | D:5      | Noticed a water moccasin
  4062 | D:4      | Reached XP level 8. HP: 39/48 MP: 8/8
  4403 | D:5      | Reached skill level 1 in Invocations
  4403 | D:5      | Reached skill level 1 in Evocations
  4478 | D:5      | Reached ** piety under Fedhas
  4479 | D:5      | Reached skill level 5 in Fighting
  4614 | D:4      | Reached skill level 6 in Stealth
  5183 | D:5      | Found a staircase to the Ecumenical Temple.
  5500 | D:5      | Reached XP level 9. HP: 54/54 MP: 10/10
  5655 | D:6      | Reached skill level 7 in Stealth
  5941 | D:6      | Noticed Maggie
  6482 | D:6      | Reached skill level 8 in Stealth
  6654 | D:6      | Reached *** piety under Fedhas
  6759 | D:6      | Noticed Grinder
  6907 | D:6      | Reached skill level 9 in Stealth
  7118 | D:7      | Reached skill level 1 in Short Blades
  7436 | D:7      | Reached skill level 10 in Stealth
  7436 | D:7      | Reached XP level 10. HP: 55/61 MP: 12/12
  7921 | D:8      | Reached **** piety under Fedhas
  7997 | D:8      | Reached skill level 11 in Stealth
  8082 | D:8      | Found a radiant altar of Vehumet.
  8156 | D:8      | Identified the +6 long sword "Faded" {freeze, *Slow rCorr
                  | Str+2 Stlth+}
  8297 | D:8      | Reached skill level 10 in Ranged Weapons
  8443 | D:8      | Noticed Erica
  8736 | D:8      | Reached skill level 12 in Stealth
  9141 | D:9      | Found a sparkling altar of Nemelex Xobeh.
  9156 | D:9      | Noticed a two-headed ogre
  9696 | D:9      | Found an opulent altar of Gozag.
  9728 | D:9      | Noticed a gargoyle
  9775 | D:9      | Killed a gargoyle
  9776 | D:9      | Reached skill level 5 in Invocations
  9776 | D:9      | Reached XP level 11. HP: 62/68 MP: 14/14
 10016 | D:9      | Reached skill level 13 in Stealth
 10039 | D:9      | HP: 2/69 [gargoyle/stone arrow (23)]
 10259 | D:9      | Identified the +5 chain mail of the Farrier {Int+7}
 10633 | D:8      | Killed a two-headed ogre
 10634 | D:8      | Reached skill level 14 in Stealth
 10647 | D:8      | Killed Erica
 10647 | D:8      | Reached ***** piety under Fedhas
 10702 | D:9      | Noticed a five-headed hydra
 10732 | D:9      | Noticed a harpy
 10918 | D:9      | Killed a five-headed hydra
 10938 | D:9      | Reached skill level 15 in Stealth
 10974 | D:9      | Reached skill level 10 in Dodging
 11257 | D:9      | Noticed a centaur warrior
 11288 | D:9      | HP: 3/71 [centaur warrior (12)]
 11289 | D:9      | Mangled by a centaur warrior

Illustrated notes

Levels and vault maps discovered:
D:1:      minmay_arrival_doors, layout_basic, hangedman_decor_peaks_small
D:2:      layout_basic, basic_ecumenical_altar
D:3:      layout_rooms, mainiacjoe_overflow_six_doors_small,
          mainiacjoe_overflow_boulevard, mainiacjoe_overflow_paths
D:4:      layout_basic
D:5:      layout_layer_cave, yredelemnul_altar_generic,
          minmay_temple_entry_butterflies, serial_shops, nicolae_shop_trees,
          st_stairs_6, minivault_1, minmay_bent
D:6:      layout_gridville, uniq_blork_the_orc, uniq_grinder, uniq_maggie
D:7:      layout_loops_cross, minmay_misc_feat_square
D:8:      layout_rooms, vehumet_crystals, uniq_erica
D:9:      minmay_the_grid_net [minmay_the_grid_square_x, minmay_the_grid_paths,
          minmay_the_grid_mess, minmay_the_grid_all_tris,
          minmay_the_grid_expand, minmay_the_grid_prize_big_room],
          layout_cave_pools, lemuel_doored_altar, nemelex_spade_bored_becter,
          gammafunk_ghost_spectres

Skill      XL: |  1  2  3  4  5  6  7  8  9 10 11 |
---------------+----------------------------------+-----
Stealth        | 2 3 4 5 6 10 12 15 | 15.2
Dodging        | 3 4 5 6 7 8 10 | 10.1
Fighting       | 3 4 5 6 8 9 |  9.4
Armour         | 1 2 |  2.0
Ranged Weapons | 6 7 8 9 10 11 | 11.9
Invocations    | 2 3 5 6 |  6.0
Evocations     | 2 3 |  3.0
Short Blades   | 2 4 |  4.0

Action                   |  1- 3 |  4- 6 |  7- 9 | 10-12 || total
-------------------------+-------+-------+-------+-------++-------
Melee: Short sword       |       |       |    12 |    26 ||    38
 Fire: Shortbow          |    76 |   172 |   304 |   368 ||   920
Evoke: Wand              |       |       |     1 |     4 ||     5
  Use: Scroll            |       |     6 |    11 |     4 ||    21
       Potion            |       |     1 |       |     3 ||     4
Armor: Leather armour    |    21 |    46 |    49 |    31 ||   147
       Ring mail         |       |       |    21 |    57 ||    78
Dodge: Dodged            |    42 |   141 |   226 |   298 ||   707

Table legend: (Time is in decaauts)
 A = Elapsed time spent in this place.
 B = Non-inter-level travel time spent in this place.
 C = Inter-level travel time spent in this place.
 D = Time resting spent in this place.
 E = Time spent auto-exploring this place.
 F = Levels seen in this place.
 G = Mean time per level.
                   A        B        C        D        E       F      G
               +--------+--------+--------+--------+--------+-----+--------+
         Total |  11458 |  10395 |   1063 |   2195 |   5538 |   9 | 1273.1 |
       Dungeon |  11458 |  10395 |   1063 |   2195 |   5538 |   9 | 1273.1 |
               +--------+--------+--------+--------+--------+-----+--------+

Top non-repeatable levels by time:
     D:4: 2025 daAuts
     D:8: 1846 daAuts
     D:5: 1646 daAuts
     D:7: 1367 daAuts
     D:6: 1310 daAuts
     D:9: 1196 daAuts
     D:1: 860 daAuts
     D:3: 606 daAuts
     D:2: 599 daAuts
